 Dungeon Crawl Stone Soup version 0.31.0-32-g396128a36d (webtiles) character file.

Game seed: 16499398256756011607

1929 Steelrune the Destroyer (level 9, -4/65 HPs)
             Began as a Gnoll Conjurer on Apr 14, 2024.
             Slain by an orc warrior
             ... wielding a +0 glaive
              (16 damage)
             ... on level 6 of the Dungeon.
             The game lasted 01:06:45 (7919 turns).

Steelrune the Destroyer (Gnoll Conjurer)            Turns: 7919, Time: 01:06:50

Health: -4/65      AC:  5    Str: 10    XL:     9   Next: 17%
Magic:  16/18      EV: 15    Int: 17    God:
Gold:   356        SH:  0    Dex: 18    Spells: 6/21 levels left

rFire   + . .        w - staff of conjuration
rCold   . . .        (no shield)
rNeg    . . .        a - +0 robe
rPois   .            f - +0 hat
rElec   .            I - +0 cloak
rCorr   .            e - +0 pair of gloves
SInv    .            n - +0 pair of boots
Will    .....        x - amulet of magic regeneration
Stlth   +++          j - ring of protection from fire
HPRegen 0.30/turn    K - +6 ring of dexterity
MPRegen 0.56/turn

%: no passive effects
@: no status effects
A: fangs 1, strong nose, distributed training
a: no special abilities


You were on level 6 of the Dungeon.
You visited 1 branch of the dungeon, and saw 6 of its levels.

You collected 556 gold pieces.
You spent 200 gold pieces at shops.

Inventory:

Hand Weapons
 i - a +2 flail of protection
 k - a +1 short sword of venom
 r - a +3 spectral club
 v - the +8 mace "Cyanen" {antimagic, rPois Stlth+}
   (You took it off an orc on level 3 of the Dungeon)

   rPois:     It protects you from poison Stlth+: It makes you more stealthy.
 y - a +2 dagger of electrocution
Missiles
 h - 6 atropa-tipped darts
 l - 2 poisoned darts (quivered)
Armour
 a - a +0 robe (worn)
 e - a +0 pair of gloves (worn)
 f - a +0 hat (worn)
 n - a +0 pair of boots (worn)
 I - a +0 cloak (worn)
Magical Staves
 m - a staff of death
 w - a staff of conjuration (weapon)
Jewellery
 j - a ring of protection from fire (left hand)
 p - an amulet of regeneration
 x - an amulet of magic regeneration (around neck)
 K - a +6 ring of dexterity (right hand)
Talismans
 s - a flux talisman
 F - a maw talisman
Wands
 q - a wand of roots (3)
 D - a wand of flame (26)
Scrolls
 c - 2 scrolls of poison
 d - a scroll of immolation
 z - a scroll of silence
 B - 2 scrolls of teleportation
 E - a scroll of fog
 J - a scroll of amnesia
Potions
 b - 3 potions of magic
 g - 2 potions of lignification
 o - a potion of brilliance
 t - a potion of might
 A - a potion of invisibility
 C - 2 potions of attraction
 H - a potion of enlightenment


   Skills:
 + Level 4.1 Fighting
 + Level 4.1 Short Blades
 + Level 4.1 Long Blades
 + Level 4.1 Axes
 + Level 4.1 Maces & Flails
 + Level 4.1 Polearms
 + Level 4.1 Staves
 + Level 4.1 Ranged Weapons
 + Level 4.1 Throwing
 + Level 4.1 Armour
 + Level 6.2 Dodging
 + Level 6.0 Stealth
 + Level 4.1 Shields
 + Level 4.1 Unarmed Combat
 + Level 6.5 Spellcasting
 + Level 8.0 Conjurations
 + Level 3.4 Hexes
 + Level 3.4 Summonings
 + Level 3.4 Necromancy
 + Level 3.4 Translocations
 + Level 3.4 Fire Magic
 + Level 3.4 Ice Magic
 + Level 3.4 Air Magic
 + Level 3.4 Earth Magic
 + Level 3.4 Alchemy
 + Level 4.5 Invocations
 + Level 4.1 Evocations
 + Level 3.7 Shapeshifting


You had 6 spell levels left.
You knew the following spells:

 Your Spells              Type           Power      Damage    Failure   Level
a - Magic Dart            Conj           100%       1d8       1%          1
b - Searing Ray           Conj           98%        2d8       1%          2
c - Call Imp              Summ           34%        N/A       4%          2
d - Fulminant Prism       Conj/Alch      18%        3d10      12%         4
e - Iskenderun's Mystic   Conj/Tloc      37%        2d9       12%         4
f - Mercury Vapours       Alch/Air       34%        N/A       4%          2

Your spell library contained the following spells:

 Spells                   Type           Power      Damage    Failure   Level
 Blink                    Tloc           34%        N/A       4%          2
 Mephitic Cloud           Conj/Alch/Air  33%        N/A       4%          3
 Ozocubu's Armour         Ice            17%        N/A       9%          3
 Tukima's Dance           Hex            17%        N/A       9%          3
 Passage of Golubria      Tloc           17%        N/A       30%         4
 Freezing Cloud           Conj/Ice/Air   16%        6-21      41%         5
 Metabolic Englaciation   Hex/Ice        8%         N/A       63%         5
 Yara's Violent Unravell  Hex/Alch       8%         3d5       63%         5
 Sculpt Simulacrum        Ice/Alch       8%         N/A       99%         6


Dungeon Overview and Level Annotations

Branches:
Dungeon (6/15)
 Temple: D:4-7

Altars:
Cheibriados
Kikubaaqudgha
Ru
The Shining One

Shops:
D:1 !?*?(   D:2 (   D:4 [*


Innate Abilities, Weirdness & Mutations

You have very sharp teeth.
Your uncanny sense of smell can sniff out nearby items.
Your experience applies equally to all skills.


Message History

You kill the orc priest!
The orc priest invokes the aid of Beogh against you.
Beogh smites you!
The orc warrior hits you from afar with a +0 glaive!
* * * LOW HITPOINT WARNING * * *
You feel much better.
The orc warrior hits you from afar with a +0 glaive!
A magic dart appears from out of thin air!
The magic dart hits you.
The orc warrior attacks as it pursues you!
The orc warrior hits you from afar with a +0 glaive!
* * * LOW HITPOINT WARNING * * *
There is an open door, spattered with blood here.
You feel much better.
Casting: Searing Ray (safe; 1% risk of failure)
Confirm with . or Enter, or press ? or * to list all spells.
Aiming: Searing Ray (safe; 1% risk of failure)
Press: ? - help, Shift-Dir - straight line, f - orc
Aim: an orc, wielding a +0 club and wearing a +0 leather armour (83% to hit)
You feel a surge of power!
The searing ray misses the orc warrior.
The searing ray hits something!
The searing ray hits the orc!
You kill the orc! (Press . to maintain the ray.)
The orc warrior hits you from afar with a +0 glaive.
The orc priest begins to cast a cantrip, but forgets the words!
The searing ray hits the orc warrior.
The orc warrior is moderately wounded.
The searing ray hits something.
Reactivating autopickup.
You feel a bit more experienced.
The orc warrior hits you from afar with a +0 glaive!!
Your Stealth skill increases to level 6!
Your Conjurations skill increases to level 8!
The searing ray hits the orc warrior!
The orc warrior is heavily wounded.
The orc warrior hits you from afar with a +0 glaive!!
* * * LOW HITPOINT WARNING * * *
You feel better.
The orc warrior hits you from afar with a +0 glaive!
You die...

##........# ##......##
#.# ##........#
#........# #.#
##........# #........#
#.# ##........#
#........# #.#
##........####........#
####.#
############.##......##
...!#.# ..# ##...##....##
..$..#.# ..#
##.....####'####.$....#.#
..#
#.......@.ofo..'....$.#.#
..#
#.......########..$...#..
..# #.......# ∆ '
.....### ..# ##.....##
#### ..# #.....# ∆ ..#
####'##### ∆∆ ..#
#.......# ∆ ∆ ∆ ∆ ∆ ..#
#.......# ∆ ∆∆ ∆ ∆ ..#
##.....## ∆ ∆ ∆ ∆


You could see an orc warrior, a sleepcap and an orc priest.

Vanquished Creatures
  A wyvern (D:6)
  3 black bears (D:6)
  An ice beast (D:5)
  2 ogres (D:5)
  A phantom (D:6)
  3 scorpions
  5 jellies (D:6)
  2 hounds
  3 orc priests
  4 sleepcaps
  2 iguanas (D:5)
  Ijyb (D:2)
  7 orc wizards
  11 gnolls
  6 adders
  2 shadow imps (D:6)
  2 white imps
  2 ufetubi (D:6)
  4 dart slugs
  19 orcs
  8 ball pythons
  8 endoplasms
  7 giant cockroaches
  13 goblins
  8 hobgoblins
  4 quokkas
  7 bats
  4 frilled lizards
  11 kobolds
  11 rats
162 creatures vanquished.

Vanquished Creatures (others)
  A fulminant prism (D:6)
1 creature vanquished.

Grand Total: 163 creatures vanquished

Notes
Turn   | Place    | Note
-------+----------+-------------------------------------------
     0 | D:1      | Steelrune the Gnoll Conjurer began the quest for the Orb.
     0 | D:1      | Reached XP level 1. HP: 13/13 MP: 6/6
   176 | D:1      | Reached XP level 2. HP: 19/19 MP: 5/7
   505 | D:1      | Found Anukic's General Store.
   512 | D:1      | Bought a scroll of identify for 26 gold pieces
   617 | D:1      | Reached skill level 5 in Spellcasting
   617 | D:1      | Reached XP level 3. HP: 25/25 MP: 6/9
   646 | D:1      | Found Xulumal's Magic Scroll Boutique.
   863 | D:1      | Found Dupleg's Distillery.
   935 | D:1      | Found Ponuar's Magic Scroll Emporium.
   952 | D:1      | Reached skill level 1 in Invocations
  1090 | D:1      | Found Canefip's Antique Weapon Boutique.
  1477 | D:2      | Reached skill level 1 in Fighting
  1477 | D:2      | Reached skill level 1 in Short Blades
  1477 | D:2      | Reached skill level 1 in Long Blades
  1477 | D:2      | Reached skill level 1 in Axes
  1477 | D:2      | Reached skill level 1 in Maces & Flails
  1477 | D:2      | Reached skill level 1 in Polearms
  1477 | D:2      | Reached skill level 1 in Staves
  1477 | D:2      | Reached skill level 1 in Ranged Weapons
  1477 | D:2      | Reached skill level 1 in Throwing
  1477 | D:2      | Reached skill level 1 in Armour
  1477 | D:2      | Reached skill level 1 in Shields
  1477 | D:2      | Reached skill level 1 in Unarmed Combat
  1477 | D:2      | Reached skill level 1 in Evocations
  1562 | D:2      | Reached skill level 1 in Shapeshifting
  1562 | D:2      | Reached XP level 4. HP: 32/32 MP: 7/11
  1687 | D:2      | Learned a level 2 spell: Searing Ray
  1793 | D:2      | Noticed Ijyb
  1810 | D:2      | Killed Ijyb
  1811 | D:2      | Reached skill level 1 in Hexes
  1811 | D:2      | Reached skill level 1 in Summonings
  1811 | D:2      | Reached skill level 1 in Necromancy
  1811 | D:2      | Reached skill level 1 in Translocations
  1811 | D:2      | Reached skill level 1 in Fire Magic
  1811 | D:2      | Reached skill level 1 in Ice Magic
  1811 | D:2      | Reached skill level 1 in Air Magic
  1811 | D:2      | Reached skill level 1 in Earth Magic
  1811 | D:2      | Reached skill level 1 in Alchemy
  2091 | D:2      | Found Ufuxim's Weapon Boutique.
  2446 | D:3      | Learned a level 2 spell: Call Imp
  2507 | D:3      | Reached XP level 5. HP: 37/37 MP: 8/12
  2835 | D:3      | Identified the +8 mace "Cyanen" {antimagic, rPois Stlth+}
  3151 | D:3      | Found a snail-covered altar of Cheibriados.
  3525 | D:4      | Found an ancient bone altar of Kikubaaqudgha.
  3665 | D:4      | Found Bativ's Armour Emporium.
  3665 | D:4      | Found Myocim's General Store.
  3796 | D:4      | Reached XP level 6. HP: 44/44 MP: 11/13
  4015 | D:4      | You fall into a shaft and drop 2 floors!
  4025 | D:6      | Reached skill level 5 in Dodging
  4396 | D:6      | Reached XP level 7. HP: 38/51 MP: 9/15
  4593 | D:6      | Noticed a wyvern
  4635 | D:5      | Entered Level 5 of the Dungeon
  4683 | D:5      | Reached skill level 5 in Stealth
  5628 | D:1      | Bought a scroll of identify for 20 gold pieces
  5628 | D:1      | Bought a scroll of identify for 20 gold pieces
  5628 | D:1      | Bought a scroll of identify for 20 gold pieces
  5663 | D:1      | Bought a potion of heal wounds for 65 gold pieces
  5774 | D:4      | Bought a +0 pair of boots for 49 gold pieces
  5927 | D:5      | Reached XP level 8. HP: 43/58 MP: 11/16
  6192 | D:5      | Learned a level 4 spell: Fulminant Prism
  6197 | D:5      | Learned a level 4 spell: Iskenderun's Mystic Blast
  6200 | D:5      | Learned a level 2 spell: Mercury Vapours
  6416 | D:5      | Found a glowing golden altar of the Shining One.
  6517 | D:5      | Identified the +1 leather armour of Vehumet's Condemnation
                  | {Harm Slay+2}
  6532 | D:5      | Found a sacrificial altar of Ru.
  7859 | D:6      | Killed a wyvern
  7860 | D:6      | Reached XP level 9. HP: 65/65 MP: 11/18
  7918 | D:6      | Reached skill level 8 in Conjurations
  7919 | D:6      | Slain by an orc warrior

Illustrated notes

Levels and vault maps discovered:
D:1:      dpeg_arrival_shrine, layout_loops_cross, serial_forest,
          infiniplex_forest_clump_small, infiniplex_forest_end_1,
          infiniplex_forest_clump_cross, infiniplex_forest_corner_1,
          serial_shops, shop, nicolae_shop_hallway_stairs, shop, shop,
          nicolae_shop_waterfront, hangedman_decor_riveting,
          chequers_serial_rivers_micro_e
D:2:      kennysheep_the_goblin_king, layout_rooms, serial_shops, shop
D:3:      layout_loops_ring, lemuel_round_altar, minmay_misc_feat_cross
D:4:      layout_gridville, mainiacjoe_overflow_concentric_impassable,
          portal_sewer_entry_e, nicolae_wooded_promenade
D:5:      layout_loops_ring, mainiacjoe_overflow_six_doors_small,
          nicolae_ru_great_annihilating_truth
D:6:      minmay_polygon_palace, layout_basic, minmay_fractal_squares_5

Skill      XL: |  1  2  3  4  5  6  7  8  9 |
---------------+----------------------------+-----
Spellcasting   | 5 6 |  6.5
Invocations    | 1 2 3 4 |  4.5
Fighting       | 1 2 3 4 |  4.1
Short Blades   | 1 2 3 4 |  4.1
Long Blades    | 1 2 3 4 |  4.1
Axes           | 1 2 3 4 |  4.1
Maces & Flails | 1 2 3 4 |  4.1
Polearms       | 1 2 3 4 |  4.1
Staves         | 1 2 3 4 |  4.1
Ranged Weapons | 1 2 3 4 |  4.1
Throwing       | 1 2 3 4 |  4.1
Armour         | 1 2 3 4 |  4.1
Shields        | 1 2 3 4 |  4.1
Unarmed Combat | 1 2 3 4 |  4.1
Evocations     | 1 2 3 4 |  4.1
Shapeshifting  | 1 2 3 |  3.7
Hexes          | 1 2 3 |  3.4
Summonings     | 1 2 3 |  3.4
Necromancy     | 1 2 3 |  3.4
Translocations | 1 2 3 |  3.4
Fire Magic     | 1 2 3 |  3.4
Ice Magic      | 1 2 3 |  3.4
Air Magic      | 1 2 3 |  3.4
Earth Magic    | 1 2 3 |  3.4
Alchemy        | 1 2 3 |  3.4
Dodging        | 5 6 |  6.2
Stealth        | 5 6 |  6.0
Conjurations   | 8 |  8.0

Action                     |  1- 3 |  4- 6 |  7- 9 || total
---------------------------+-------+-------+-------++-------
  Melee: Whip              |     3 |       |       ||     3
         Dagger            |     4 |       |       ||     4
         Bite              |     1 |     3 |     6 ||    10
         Short sword       |       |     6 |       ||     6
         Mace              |       |     7 |       ||     7
         Staff             |       |    30 |    27 ||    57
         Punch             |       |     1 |     1 ||     2
   Cast: Magic Dart        |    63 |    83 |    67 ||   213
         Searing Ray       |       |    10 |    36 ||    46
         Call Imp          |       |     3 |     4 ||     7
         Iskenderun's Myst |       |       |     1 ||     1
         Fulminant Prism   |       |       |     1 ||     1
  Evoke: Wand              |       |     1 |     5 ||     6
    Use: Scroll            |     6 |     6 |     9 ||    21
         Potion            |       |     1 |     3 ||     4
   Stab: Sleeping          |       |     1 |     1 ||     2
 Armour: Robe              |     1 |    34 |    56 ||    91
  Dodge: Dodged            |     7 |    36 |    58 ||   101
